 Dungeon Crawl Stone Soup version 0.31-a0-876-gfe8ebadbca (webtiles) character file.

Game seed: 2872050776032960425

8484 Armakuni the Charlatan (level 11, -3/77 HPs)
             Began as a Human Artificer on Oct 11, 2023.
             Was a Priest of Vehumet.
             Slain by a quicksilver dragon zombie (8 damage)
             ... on level 1 of the Abyss on Oct 13, 2023.
             The game lasted 00:29:02 (9407 turns).

Armakuni the Charlatan (Human Artificer)            Turns: 9407, Time: 00:29:02

Health: -3/77      AC: 12    Str: 12    XL:     11   Next: 56%
Magic:  6/21       EV: 16    Int: 26    God:    Vehumet [***...]
Gold:   1655       SH:  0    Dex: 17    Spells: 13/24 levels left

rFire   . . .        t - +1 mace (holy)
rCold   + . .        i - orb {*Rage}
rNeg    + . .        y - +1 ring mail of Sapnewn {rN+ Int+7}
rPois   .            h - +0 helmet
rElec   .            (no cloak)
rCorr   .            k - +0 pair of gloves
SInv    .            j - +2 pair of boots "Gyh Bacu" {Dex+3}
Will    .....        (no amulet)
Stlth   +            E - ring "Otinat" {EV+5 Int+3}
HPRegen 0.32/turn    J - ring of protection from cold
MPRegen 0.17/turn

%: random rage (20%)
@: about to teleport, slightly contaminated
A: inability to drink after injury 1
a: Renounce Religion


You were on level 1 of the Abyss.
You worshipped Vehumet.
Vehumet was most pleased with you.
You visited 2 branches of the dungeon, and saw 10 of its levels.
You visited the Abyss 1 time.
You also visited: Ossuary and Bailey.

You collected 1655 gold pieces.

Inventory:

Hand Weapons
 a - a +3 whip of draining
 b - a +2 whip of venom
 t - a +1 mace of holy wrath (weapon)
Armour
 e - a +4 scale mail of cold resistance
 h - a +0 helmet (worn)
 i - an orb of wrath (worn)
 j - the +2 pair of boots "Gyh Bacu" (worn) {Dex+3}
   (You found it in a bailey)

   Dex+3:     It affects your dexterity (+3).
 k - a +0 pair of gloves (worn)
 m - an orb of energy
 o - a +0 buckler
 y - the +1 ring mail of Sapnewn (worn) {rN+ Int+7}
   (You found it on level 6 of the Dungeon)

   Int+7:     It affects your intelligence (+7).
   rN+:       It protects you from negative energy.
Jewellery
 x - an amulet of guardian spirit
 E - the ring "Otinat" (left hand) {EV+5 Int+3}
   (You found it on level 5 of the Dungeon)

   [ring of evasion]

   EV+5:      It affects your evasion (+5).
   Int+3:     It affects your intelligence (+3).
 F - a ring of fire
 J - a ring of protection from cold (right hand)
Wands
 p - a wand of polymorph (12)
Scrolls
 r - 4 scrolls of teleportation
 u - 2 scrolls of immolation
 w - 3 scrolls of fog
 X - 2 scrolls of brand weapon
Potions
 d - 3 potions of haste
 f - 2 potions of resistance
 g - a potion of magic
 l - 4 potions of enlightenment
 n - 3 potions of curing
 q - a potion of cancellation


   Skills:
 - Level 4.0 Fighting
 - Level 2.0 Maces & Flails
 - Level 3.0 Armour
 - Level 3.0 Dodging
 - Level 1.0 Stealth
 + Level 7.0 Spellcasting
 + Level 7.6 Conjurations
 - Level 3.8 Ice Magic
 - Level 3.8 Air Magic
 + Level 7.6 Earth Magic
 - Level 7.7 Evocations


You had 13 spell levels left.
You knew the following spells:

 Your Spells              Type           Power      Damage    Failure   Level
j - Freezing Cloud        Conj/Ice/Air   17%        6-21      12%         5
z - Bombard               Conj/Erth      24%        9d5       22%         6

Your spell library contained the following spells:

 Spells                   Type           Power      Damage    Failure   Level
 Stone Arrow              Conj/Erth      98%        3d13      1%          3
 Static Discharge         Conj/Air       78%        2-6/arc   1%          2
 Iskenderun's Battlesphe  Conj           49%        2d10      4%          5
 Lee's Rapid Deconstruct  Erth           24%        3d13*     4%          5
 Airstrike                Air            14%        2d(3-19)  7%          4
 Fireball                 Conj/Fire      14%        3d8       19%         5
 Sublimation of Blood     Necr           9%         N/A       21%         2
 Wereblood                Tmut           9%         N/A       21%         2
 Leda's Liquefaction      Hex/Erth       14%        N/A       26%         4
 Summon Lightning Spire   Summ/Air       19%        N/A       52%         4
 Summon Hydra             Summ           4%         N/A       100%        7


Dungeon Overview and Level Annotations

Branches:
Dungeon (9/15)             Temple (1/1) D:7         Ossuary (visited)
 Bailey (visited)
   Lair: D:8-11         Orc: D:9-12

Altars:
Ashenzari
Cheibriados
Dithmenos
Elyvilon
Fedhas
Gozag
Hepliaklqana
Kikubaaqudgha
Makhleb
Nemelex Xobeh
Okawaru
Qazlal
Ru
Sif Muna
Trog
Uskayaw
Vehumet
Wu Jian
Xom
Yredelemnul
Zin
The Shining One

Shops:
D:5 [   D:8 *

Annotations:
D:6 1 runed translucent door, KineticRobot's ghost, novice MiFi
D:9 Psyche


Innate Abilities, Weirdness & Mutations

You occasionally lose the ability to drink potions when taking damage.


Message History

The quicksilver dragon zombie is moderately damaged.
The quicksilver dragon zombie is engulfed in freezing vapours.
The quicksilver dragon zombie bites you.
The quicksilver dragon zombie claws you but does no damage.
The quicksilver dragon zombie is engulfed in freezing vapours.
The quicksilver dragon zombie misses you.
The quicksilver dragon zombie claws you but does no damage.
You hit the quicksilver dragon zombie but do no damage.
The quicksilver dragon zombie is moderately damaged.
The quicksilver dragon zombie is engulfed in freezing vapours.
The quicksilver dragon zombie bites you!
The quicksilver dragon zombie claws you.
The quicksilver dragon zombie is engulfed in freezing vapours.
The quicksilver dragon zombie bites you.
The quicksilver dragon zombie claws you but does no damage.
Casting: Freezing Cloud (dangerous; 12% risk of failure)
Confirm with . or Enter, or press ? or * to list all spells.
Aiming: Bombard (quite dangerous; 22% risk of failure)
Press: ? - help, Shift-Dir - straight line, f - quicksilver dragon zombie
Aim: a quicksilver dragon zombie (freezing vapour, moderately damaged, 71% to hit)
You miscast Bombard.
You are very lightly contaminated with residual magic.
You are caught in a violent explosion!!
* * * LOW HITPOINT WARNING * * *
The quicksilver dragon zombie is engulfed in freezing vapours.
The quicksilver dragon zombie bites you but does no damage.
The quicksilver dragon zombie claws you but does no damage.
Casting: Bombard (quite dangerous; 22% risk of failure)
Confirm with . or Enter, or press ? or * to list all spells.
Aiming: Bombard (quite dangerous; 22% risk of failure)
Press: ? - help, Shift-Dir - straight line, f/p - quicksilver dragon zombie
Aim: a quicksilver dragon zombie (freezing vapour, moderately damaged, 71% to hit)
You miscast Bombard.
You are lightly contaminated with residual magic.
You feel a strange surge of energy!
* * * LOW HITPOINT WARNING * * *
The quicksilver dragon zombie is engulfed in freezing vapours.
The quicksilver dragon zombie bites you but does no damage.
The quicksilver dragon zombie claws you!
You die...

## ######## .#
.........# #
#........... .# #
#......... ..#
#.#.## ##.§.... ..#
#
#.....##☼○......#.#
#..@Z§°.... ..# #
##.##§§...>...# #
#§..######.# ## #
#.... # #.# ## #.#
.. # ..§ ##.


You could see a quicksilver dragon zombie.

Vanquished Creatures
  An orc high priest (Bailey)
  A sixfirhy (Abyss:1)
  Pikel (D:7)
  3 orc knights (Bailey)
  A gargoyle (D:8)
  A kobold demonologist (Bailey)
  8 yaks
  A vampire (D:7)
  A steam dragon (D:7)
  A neqoxec (Abyss:1)
  2 chaos spawn (Abyss:1)
  A small abomination (Abyss:1)
  Duvessa (D:7)
  2 sky beasts (D:7)
  8 orc warriors
  An ogre (D:5)
  A centaur (D:7)
  A phantom (D:5)
  2 lemures (D:7)
  A bullfrog (D:8)
  A gnoll sergeant (D:7)
  4 scorpions
  Dowan (D:7)
  5 killer bees
  2 electric eels (Bailey)
  A howler monkey (D:6)
  2 jellies
  A quasit (Abyss:1)
  A human zombie (Ossuary)
  6 orc priests
  A gnoll bouda (D:7)
  4 hounds
  Terence (D:2)
  A sleepcap (Temple)
  Ijyb (D:3)
  5 orc wizards
  6 iguanas
  4 mummies (Ossuary)
  A river rat (Bailey)
  6 adders
  9 gnolls
  3 shadow imps
  2 white imps (D:8)
  2 adder zombies (Ossuary)
  2 dart slugs
  22 orcs
  7 ball pythons
  2 endoplasms
  3 giant cockroaches
  A gnoll zombie (Ossuary)
  15 goblins
  7 hobgoblins
  7 jackals
  10 kobolds
  2 quokkas
  3 bats
  3 frilled lizards
  A goblin zombie (Ossuary)
  2 hobgoblin zombies (Ossuary)
  A jackal zombie (Ossuary)
  A kobold zombie (Ossuary)
  2 rats (D:3)
  A rat zombie (D:7)
201 creatures vanquished.

Vanquished Creatures (collateral kills)
  A hobgoblin (Bailey)
  2 kobold zombies (Ossuary)
  An orc zombie (Ossuary)
4 creatures vanquished.

Vanquished Creatures (others)
  An orc warrior (Bailey)
  A killer bee (D:9)
  A gnoll (D:7)
3 creatures vanquished.

Grand Total: 208 creatures vanquished

Notes
Turn   | Place    | Note
-------+----------+-------------------------------------------
     0 | D:1      | Armakuni the Human Artificer began the quest for the Orb.
     0 | D:1      | Reached XP level 1. HP: 15/15 MP: 1/1
   361 | D:1      | Reached skill level 1 in Maces & Flails
   672 | D:1      | Reached XP level 2. HP: 18/21 MP: 2/2
  1211 | D:2      | Noticed Terence
  1220 | D:2      | Killed Terence
  1221 | D:2      | Reached XP level 3. HP: 26/27 MP: 3/3
  1279 | D:2      | Found a broken altar of Ashenzari.
  1311 | D:2      | Reached XP level 4. HP: 22/33 MP: 4/4
  1965 | D:3      | Reached XP level 5. HP: 38/38 MP: 5/5
  2222 | D:3      | Found a faded altar of an unknown god.
  2440 | D:3      | Noticed Ijyb
  2442 | D:3      | Paralysed by Ijyb for 5 turns
  2452 | D:3      | Paralysed by Ijyb for 3 turns
  2463 | D:3      | Killed Ijyb
  2618 | D:3      | Found a stormy altar of Qazlal.
  2654 | D:3      | Found a glowing silver altar of Zin.
  2688 | D:3      | Found a sacrificial altar of Ru.
  2697 | D:3      | Found a hazy altar of Hepliaklqana.
  2816 | D:4      | Reached skill level 5 in Evocations
  2816 | D:4      | Reached XP level 6. HP: 44/44 MP: 6/6
  2986 | D:4      | Upgraded the game from 0.31-a0-868-g674d60d6f7 to
                  | 0.31-a0-876-gfe8ebadbca
  3000 | D:4      | Noticed an orc warrior
  3034 | D:4      | Killed an orc warrior
  3109 | D:4      | Reached XP level 7. HP: 53/53 MP: 7/7
  3739 | D:5      | Entered Level 5 of the Dungeon
  3923 | D:5      | Identified the ring "Otinat" {EV+5 Int+3}
  4065 | D:5      | Reached XP level 8. HP: 60/60 MP: 8/8
  4288 | D:5      | Found Banaheok's Antique Armour Shoppe.
  4598 | D:6      | Found a runed translucent door.
  4599 | D:6      | Noticed KineticRobot's ghost (novice MiFi)
  4602 | D:6      | Identified the +1 ring mail of Sapnewn {rN+ Int+7}
  4629 | D:6      | Learned a level 6 spell: Bombard
  4845 | D:7      | Found a staircase to the Ecumenical Temple.
  4864 | Temple   | Entered the Ecumenical Temple
  4978 | Temple   | Became a worshipper of Vehumet
  5012 | D:7      | Reached skill level 1 in Spellcasting
  5012 | D:7      | Reached skill level 1 in Conjurations
  5012 | D:7      | Reached skill level 1 in Earth Magic
  5015 | D:7      | Found a sand-covered staircase.
  5029 | Ossuary  | Entered an ossuary
  5390 | D:7      | Reached XP level 9. HP: 57/65 MP: 12/12
  5643 | D:7      | Reached * piety under Vehumet
  5643 | D:7      | Offered knowledge of Sandblast by Vehumet.
  6000 | D:7      | Noticed Duvessa
  6013 | D:7      | Killed Duvessa
  6014 | D:7      | Reached skill level 5 in Conjurations
  6014 | D:7      | Reached skill level 5 in Earth Magic
  6014 | D:7      | Reached XP level 10. HP: 71/71 MP: 16/16
  6066 | D:7      | Noticed Dowan
  6073 | D:7      | Killed Dowan
  6386 | D:8      | Noticed Pikel
  6515 | D:7      | Killed Pikel
  6516 | D:7      | Reached skill level 5 in Spellcasting
  6599 | D:8      | Found a flagged portal.
  6605 | Bailey   | Entered a bailey
  6647 | Bailey   | Noticed an orc knight
  6666 | Bailey   | Killed an orc knight
  6703 | Bailey   | Noticed an orc knight
  6714 | Bailey   | Killed an orc knight
  6758 | Bailey   | Noticed an orc knight
  6770 | Bailey   | Killed an orc knight
  7110 | Bailey   | Reached ** piety under Vehumet
  7152 | Bailey   | Offered knowledge of Kiss of Death by Vehumet.
  7347 | Bailey   | Found an iron altar of Okawaru.
  7347 | Bailey   | Noticed a kobold demonologist
  7347 | Bailey   | Noticed an orc high priest
  7351 | Bailey   | Noticed a smoke demon
  7361 | Bailey   | Noticed an ice devil
  7363 | Bailey   | Killed a kobold demonologist
  7367 | Bailey   | Killed an orc high priest
  7368 | Bailey   | Reached XP level 11. HP: 52/77 MP: 19/21
  7505 | Bailey   | Identified the +2 pair of boots "Gyh Bacu" {Dex+3}
  7521 | Bailey   | Got an unusual book
  7944 | Bailey   | Acquired 1157 gold pieces
  7954 | Bailey   | Learned a level 5 spell: Freezing Cloud
  8230 | D:8      | Reached skill level 1 in Ice Magic
  8230 | D:8      | Reached skill level 1 in Air Magic
  8339 | D:8      | Offered knowledge of Volatile Blastmotes by Vehumet.
  8457 | D:8      | Reached *** piety under Vehumet
  8636 | D:8      | Found Voibute's General Store.
  9077 | D:9      | Noticed Psyche
  9097 | Abyss:1  | Cast into level 1 of the Abyss (Psyche)
  9265 | Abyss:1  | Noticed a sixfirhy
  9271 | Abyss:1  | Killed a sixfirhy
  9332 | Abyss:1  | Gained mutation: You occasionally lose the ability to drink
                  | potions when taking damage. [a neqoxec]
  9355 | Abyss:1  | Offered knowledge of Stone Arrow by Vehumet.
  9407 | Abyss:1  | Slain by a quicksilver dragon zombie

Illustrated notes

Levels and vault maps discovered:
D:1:      lemuel_arrival_funnel, layout_loops_corners, nrook_mini_backslash
D:2:      layout_rooms, basic_altar, eino_tiny_chamber, serial_bayou_pond_d,
          grunt_ministairs_1, uniq_terence
D:3:      layout_loops_ring, mainiacjoe_overflow_swirl,
          mainiacjoe_overflow_two_lobes,
          dreamdust_ecumenical_altar_angels_and_demons, supply_closet_lemuel,
          kennysheep_orc_chapel, uniq_ijyb
D:4:      minmay_chambers_of_threes, layout_basic
D:5:      layout_rooms, serial_shops, kennysheep_mini
D:6:      layout_gridville, ebering_ghost_reflecting_pool, chequers_arboretum
D:7:      layout_rooms, minmay_temple_entry_mist, enter_ossuary_3,
          serial_bayou_crossing, uniq_duvessa
D:8:      layout_gridville, enter_bailey_3, serial_shops,
          nicolae_shop_statue_plus, uniq_pikel
D:9:      layout_rooms, ashenzari_conservatory_becter, dpeg_lair_monsters,
          minmay_tree_intersection, uniq_psyche, uniq_erica
Temple:   minmay_crystal_spiral_temple
Abyss:1:  base:
D:7

Skill      XL: |  1  2  3  4  5  6  7  8  9 10 11 |
---------------+----------------------------------+-----
Maces & Flails | 1 2 |  2.0
Fighting       | 2 3 4 |  4.0
Dodging        | 2 3 |  3.0
Evocations     | 5 6 7 |  7.7
Armour         | 3 |  3.0
Spellcasting   | 2 4 6 7 |  7.0
Conjurations   | 2 5 7 |  7.6
Earth Magic    | 2 5 7 |  7.6
Ice Magic      | 3 |  3.8
Air Magic      | 3 |  3.8
Stealth        | |  1.0

Action                     |  1- 3 |  4- 6 |  7- 9 | 10-12 || total
---------------------------+-------+-------+-------+-------++-------
  Melee: Club              |    89 |   147 |       |       ||   236
         Whip              |       |     7 |   304 |   306 ||   617
         Unarmed           |       |       |     2 |       ||     2
         Mace              |       |       |       |    28 ||    28
   Cast: Bombard           |       |       |       |     9 ||     9
         Freezing Cloud    |       |       |       |     3 ||     3
  Evoke: Wand              |     6 |     1 |    16 |    32 ||    55
    Use: Scroll            |     2 |     4 |     4 |    12 ||    22
         Potion            |       |       |       |     5 ||     5
   Stab: Sleeping          |     2 |       |       |       ||     2
         Paralysed         |       |     5 |       |    36 ||    41
 Armour: Leather armour    |    56 |       |       |       ||    56
         Scale mail        |    25 |    46 |    48 |       ||   119
         Ring mail         |       |    53 |   109 |   221 ||   383
  Dodge: Dodged            |    75 |    61 |   238 |   252 ||   626

Table legend: (Time is in decaauts)
 A = Elapsed time spent in this place.
 B = Non-inter-level travel time spent in this place.
 C = Inter-level travel time spent in this place.
 D = Time resting spent in this place.
 E = Time spent auto-exploring this place.
 F = Levels seen in this place.
 G = Mean time per level.
                   A        B        C        D        E       F      G
               +--------+--------+--------+--------+--------+-----+--------+
         Total |  10009 |   9536 |    473 |   2367 |   4623 |  13 |  769.9 |
       Dungeon |   7507 |   7125 |    382 |   1240 |   4107 |   9 |  834.1 |
        Temple |    137 |     46 |     91 |     10 |      0 |   1 |  137.0 |
         Abyss |    342 |    342 |      0 |    143 |     31 |   1 |  342.0 |
       Ossuary |    366 |    366 |      0 |    151 |    106 |   1 |  366.0 |
        Bailey |   1656 |   1656 |      0 |    821 |    378 |   1 | 1656.0 |
               +--------+--------+--------+--------+--------+-----+--------+

Top non-repeatable levels by time:
  Bailey: 1656 daAuts
     D:7: 1221 daAuts
     D:3: 1123 daAuts
     D:4: 1087 daAuts
     D:8: 1010 daAuts
     D:1: 968 daAuts
     D:2: 802 daAuts
     D:5: 777 daAuts
     D:6: 478 daAuts
 Ossuary: 366 daAuts
 Abyss:1: 342 daAuts
  Temple: 137 daAuts
     D:9: 38 daAuts
